 Dungeon Crawl Stone Soup version 0.21.1-1-g345015f (webtiles) character file.

1995 kae the Carver (level 9, 0/79 HPs)
             Began as a Minotaur Fighter on June 18, 2018.
             Was a Follower of Makhleb.
             Succumbed to a hornet's poison
             ... on level 6 of the Dungeon.
             The game lasted 00:05:03 (6934 turns).

kae the Carver (Minotaur Fighter)                   Turns: 6934, Time: 00:05:04

Health: 0/79       AC:  7    Str: 22    XL:     9   Next: 1%
Magic:  9/9        EV: 10    Int:  6    God:    Makhleb [*.....]
Gold:   381        SH:  9    Dex: 11    Spells: 8/8 levels left

rFire    . . .     SeeInvis +   a - +0 long sword
rCold    . . .     Gourm    .   c - +0 shield
rNeg     . . .     Faith    .   b - +0 scale mail
rPois    .         Spirit   .   (helmet restricted)
rElec    .         Reflect  .   (no cloak)
rCorr    .         Harm     .   (no gloves)
MR       +....                  (no boots)
Stlth    ..........             (no amulet)
HPRegen  0.23/turn              i - ring of see invisible
MPRegen  0.11/turn              o - ring of protection from magic

@: lethally poisoned (0 -> -31), slowed, very slow
A: retaliatory headbutt, horns 2
a: Renounce Religion


You were on level 6 of the Dungeon.
You worshipped Makhleb.
Makhleb was aware of your devotion.
You were not hungry.

You visited 2 branches of the dungeon, and saw 7 of its levels.
You also visited: Sewer.

You collected 381 gold pieces.

Inventory:

Hand Weapons
 a - a +0 long sword (weapon)
Armour
 b - a +0 scale mail (worn)
 c - a +0 shield (worn)
Jewellery
 i - a ring of see invisible (left hand)
 l - an uncursed ring of wizardry
 o - a ring of protection from magic (right hand)
Wands
 q - a wand of random effects (32)
 t - a wand of acid (10)
Scrolls
 e - 6 scrolls of identify
 g - 6 scrolls of remove curse
 k - 3 scrolls of teleportation
 p - a scroll of magic mapping
 r - a scroll of random uselessness {unknown}
 s - a scroll of holy word {unknown}
 v - a scroll of enchant weapon {unknown}
Potions
 d - 4 potions of flight
 h - 2 potions of curing
 j - a potion of ambrosia
 m - 3 potions of might
 n - a potion of cancellation
 u - 3 potions of lignification {unknown}
Comestibles
 f - 11 rations


   Skills:
 + Level 7.1 Fighting
 * Level 9.0 Long Blades
 + Level 7.0 Armour
 + Level 5.2 Dodging
 - Level 3.6 Shields
 + Level 2.6 Invocations


You had 8 spell levels left.
You didn't know any spells.

Dungeon Overview and Level Annotations

Branches:
Dungeon (6/15)             Temple (1/1) D:4

Altars:
Ashenzari
Cheibriados
Elyvilon
Gozag
Kikubaaqudgha
Makhleb
Nemelex Xobeh
Qazlal
Ru
Vehumet
Wu Jian
Xom
Zin
The Shining One


Innate Abilities, Weirdness & Mutations

You reflexively headbutt those who attack you in melee.
You have a pair of horns on your head.


Message History

The hornet stings you!
You feel as though you will be slow longer.
You closely miss the hornet. You headbutt the hornet.
The hornet is severely wounded.
You feel sick. You block the hornet's attack. The hornet stings you.
You feel as though you will be slow longer.
You hit the hornet but do no damage.
The hornet is severely wounded.
You feel sick. The hornet stings you!
* * * LOW HITPOINT WARNING * * *
You are lethally poisoned!
You feel as though you will be slow longer.
The hornet stings you!
* * * LOW HITPOINT WARNING * * *
You are more poisoned.
You feel as though you will be slow longer.
You block the hornet's attack.
You barely miss the hornet. Your headbutt misses the hornet.
The hornet is severely wounded.
You die...

.......... #..
#.#.#.#.#.#.#.. #.. ..
...........# #.[
#.#.#.#.#.#.#.#. #..
................
..#.#.#.#.#.#.#.#.#
##..................
#.#y#.#.#.#.#.#.#.#.
##..@................
#.#.#.#.#.#.#.#.#.#.#
#....................
#..#.#.#.#.#.#.#.#.#.
#..#..................
#.##.#.#.#.#.#.#.#.#.#
#. ##.................
# #.#.#.#.#.#.#.#.#.
##..........)....


You could see a hornet.

Vanquished Creatures
  The ghost of troglodite the Slasher, a novice DsBe of Trog (D:5)
  Grinder (D:3)
  2 sky beasts
  An ice beast (D:6)
  An ogre (D:4)
  A centaur (D:5)
  2 scorpions (D:4)
  2 crimson imps
  A centaur zombie (D:5)
  5 orc priests
  A centaur skeleton (D:5)
  A hound (D:4)
  4 orc wizards
  2 iguanas
  3 worker ants
  Natasha (twice) (D:3)
  A worker ant zombie (D:5)
  8 adders
  5 oozes
  6 worms
  4 dart slugs
  11 leopard geckos
  6 orcs
  3 giant cockroaches
  4 goblins
  8 hobgoblins
  18 jackals
  6 kobolds
  3 quokkas
  3 ball pythons
  11 bats
  8 frilled lizards
  A jackal zombie (D:6)
  2 leopard gecko skeletons
  A quokka skeleton (D:5)
  9 rats
148 creatures vanquished.

Notes
Turn   | Place    | Note
-------+----------+-------------------------------------------
     0 | D:1      | kae the Minotaur Fighter began the quest for the Orb.
     0 | D:1      | Reached XP level 1. HP: 19/19 MP: 0/0
    89 | D:1      | Reached XP level 2. HP: 27/27 MP: 1/1
   228 | D:1      | Reached skill level 3 in Long Blades
   310 | D:1      | Reached skill level 1 in Dodging
   542 | D:1      | Reached XP level 3. HP: 24/33 MP: 2/2
   888 | D:2      | Found a glowing golden altar of the Shining One.
  2137 | D:3      | Noticed Grinder
  2143 | D:3      | Paralysed by Grinder for 5 turns
  2156 | D:3      | Killed Grinder
  2156 | D:3      | Reached skill level 5 in Long Blades
  2156 | D:3      | Reached XP level 4. HP: 18/41 MP: 3/3
  2156 | D:3      | Reached XP level 5. HP: 21/47 MP: 4/4
  2171 | D:3      | Reached XP level 6. HP: 27/55 MP: 5/5
  2205 | D:3      | Reached skill level 5 in Armour
  2330 | D:3      | Found a glowing drain.
  2356 | Sewer    | Entered a sewer
  2487 | Sewer    | Reached skill level 5 in Fighting
  3311 | D:3      | Reached skill level 6 in Long Blades
  3493 | D:3      | Noticed Natasha
  3502 | D:3      | Killed Natasha
  3502 | D:3      | Reached XP level 7. HP: 42/61 MP: 6/6
  3777 | D:3      | Found a sparkling altar of Nemelex Xobeh.
  3923 | D:3      | Noticed Natasha
  3931 | D:3      | Killed Natasha
  4485 | D:4      | Found a staircase to the Ecumenical Temple.
  4654 | D:4      | Reached skill level 7 in Long Blades
  4658 | D:4      | Found a sparkling altar of Nemelex Xobeh.
  4699 | Temple   | Entered the Ecumenical Temple
  4708 | Temple   | Became a worshipper of Makhleb the Destroyer
  5002 | D:5      | Entered Level 5 of the Dungeon
  5021 | D:5      | Noticed troglodite's ghost (novice DsBe)
  5197 | D:5      | Reached XP level 8. HP: 67/70 MP: 7/7
  5376 | D:5      | Reached skill level 1 in Invocations
  5938 | D:5      | Killed troglodite's ghost
  5938 | D:5      | Reached skill level 8 in Long Blades
  5938 | D:5      | Reached skill level 5 in Dodging
  6350 | D:5      | Reached * piety under Makhleb
  6739 | D:6      | Reached skill level 9 in Long Blades
  6741 | D:6      | Reached XP level 9. HP: 51/79 MP: 9/9
  6928 | D:6      | Paralysed by a hornet for 2 turns
  6933 | D:6      | HP: 3/79 [hornet (11)]
  6934 | D:6      | Succumbed to a hornet's poison

Skill      XL: |  1  2  3  4  5  6  7  8 |
---------------+-------------------------+-----
Long Blades    | 3 5 6 7 9 |  9.0
Dodging        | 1 2 3 4 5 |  5.2
Armour         | 4 5 6 7 |  7.0
Fighting       | 4 5 6 7 |  7.1
Invocations    | 2 |  2.6
Shields        | |  3.6

Action                   |  1- 3 |  4- 6 |  7- 9 || total
-------------------------+-------+-------+-------++-------
Melee: Long sword        |   130 |   129 |   218 ||   477
       Headbutt          |    23 |    16 |    47 ||    86
  Use: Scroll            |     4 |       |     3 ||     7
       Potion            |     1 |     1 |       ||     2
  Eat: Chunk             |     3 |     6 |    11 ||    20
Armor: Scale mail        |    58 |    64 |    68 ||   190
Dodge: Dodged            |    34 |    60 |    66 ||   160
Block: Shield            |    58 |    90 |   110 ||   258
       Rpst.: Long sword |    11 |    11 |    18 ||    40
